 Dungeon Crawl Stone Soup version 0.30-a0-465-g8901f6c8b5 (webtiles) character file.

Game seed: 13314643581167348518

2855 Monkooky the Conjurer (level 9, 0/63 HPs)
             Began as a Demonspawn Monk on Dec 18, 2022.
             Was an Elder of Vehumet.
             Engulfed by a cloud of freezing vapour (15 damage)
             ... on level 7 of the Dungeon.
             The game lasted 00:30:32 (8183 turns).

Monkooky the Conjurer (Demonspawn Monk)             Turns: 8183, Time: 00:30:33

Health: 0/63       AC: 10    Str: 13    XL:     9   Next: 46%
Magic:  8/15       EV: 12    Int: 18    God:    Vehumet [****..]
Gold:   146        SH:  8    Dex: 15    Spells: 1/17 levels left

rFire   . . .      SeeInvis .      - Unarmed
rCold   . . .      Faith    .    (no shield)
rNeg    . . .      Spirit   .    D - +2 robe of a ziggurat {Will+ Int+3}
rPois   .          Reflect  .    (no helmet)
rElec   .          Harm     .    w - +0 cloak
rCorr   .          Rampage  .    (no gloves)
Will    +....                    N - +0 pair of boots
Stlth   ++........               (no amulet)
HPRegen 0.30/turn                (no ring)
MPRegen 0.28/turn                (no ring)

@: no status effects
A: large bone plates 1, icemail 1, magic regeneration, condensation shield,
weakness stinger 1
a: Renounce Religion


You were on level 7 of the Dungeon.
You worshipped Vehumet.
Vehumet was greatly pleased with you.
You visited 1 branch of the dungeon, and saw 7 of its levels.
You also visited: Ossuary.

You collected 442 gold pieces.
You spent 296 gold pieces at shops.

Inventory:

Hand Weapons
 l - a +0 quarterstaff
 A - a +2 dagger of speed
 F - a +0 whip of electrocution
Armour
 a - a +0 robe
 w - a +0 cloak (worn)
 y - the +1 robe "Yzotuf" {rN+}
   (You found it on level 4 of the Dungeon)

   rN:        It protects you from negative energy.
 D - the +2 robe of a ziggurat (worn) {Will+ Int+3}
   (You bought it in a shop on level 3 of the Dungeon)

   Int:       It affects your intelligence (+3).
   Will:      It increases your willpower.
 M - a +0 buckler
 N - a +0 pair of boots (worn)
Magical Staves
 h - a staff of poison
 n - a staff of death
Jewellery
 o - a ring of protection from cold
 v - a ring of see invisible
 E - an amulet of guardian spirit
Wands
 B - a wand of paralysis (11)
 L - a wand of mindburst (15)
Scrolls
 e - 2 scrolls of immolation {unknown}
 g - 2 scrolls of enchant weapon {unknown}
 i - 6 scrolls of fear
 j - 2 scrolls of magic mapping {unknown}
 k - a scroll of noise
 p - 3 scrolls of teleportation
 q - a scroll of torment
 s - 3 scrolls of enchant armour {unknown}
 t - a scroll of butterflies
 u - 3 scrolls of vulnerability {unknown}
 z - 2 scrolls of fog {unknown}
 C - a scroll of acquirement {unknown}
 G - 2 scrolls of blinking {unknown}
 K - a scroll of poison
Potions
 b - a potion of ambrosia
 c - 7 potions of attraction {unknown}
 d - 4 potions of berserk rage {unknown}
 f - 6 potions of curing {unknown}
 r - a potion of cancellation {unknown}
 x - 2 potions of might {unknown}
 H - a potion of mutation {unknown}
 I - a potion of degeneration {unknown}
 J - 2 potions of invisibility {unknown}


   Skills:
 - Level 3.0 Fighting
 - Level 2.6 Dodging
 - Level 1.7 Stealth
 - Level 3.3 Unarmed Combat
 - Level 4.6 Spellcasting
 - Level 7.3 Conjurations
 - Level 5.1 Hexes
 + Level 4.5 Ice Magic
 + Level 4.6 Air Magic


You had one spell level left.
You knew the following spells:

 Your Spells              Type           Power      Damage    Failure   Level
a - Freeze                Ice            80%        1d9       1%          1
b - Hailstorm             Conj/Ice       25%        3d7       1%          3
c - Fulminant Prism       Conj/Hex       13%        3d9       3%          4
d - Frozen Ramparts       Ice            40%        1d7       1%          3
e - Freezing Cloud        Conj/Ice/Air   12%        6-21      11%         5

Your spell library contained the following spells:

 Spells                   Type           Power      Damage    Failure   Level
 Gell's Gravitas          Tloc           4%         N/A       38%         3
 Lesser Beckoning         Tloc           8%         N/A       38%         3
 Teleport Other           Tloc           4%         N/A       38%         3


Dungeon Overview and Level Annotations

Branches:
Dungeon (7/15)             Temple (0/1) D:7         Ossuary (visited)

Altars:
Dithmenos
Kikubaaqudgha
Vehumet

Shops:
D:1 [   D:3 [   D:5 :   D:6 =

Annotations:
D:4 exclusion: downstairs


Innate Abilities, Weirdness & Mutations

You are partially covered in large bone plates. (SH +4)
A meltable icy envelope protects you from harm. (AC +4)
You regenerate magic rapidly.
A meltable shield of frost defends you. (SH +4)
You have a small tail.


Message History

The gnoll is moderately wounded.
You block the gnoll's attack.
You hit the gnoll but do no damage. You tail-slap the gnoll.
The gnoll is heavily wounded.
The gnoll misses you.
You hit the gnoll.
The gnoll is severely wounded.
The gnoll hits you but does no damage.
You hit the gnoll.
The gnoll is severely wounded.
The gnoll misses you.
You hit the gnoll.
You kill the gnoll!
Vehumet accepts your kill.
You feel your power returning.
A gnoll sergeant comes into view. It is wielding a +0 spear.
Casting: Fulminant Prism (dangerous; 3% risk of failure)
Confirm with . or Enter, or press ? or * to list all spells.
The spell is quite dangerous to miscast (11% risk of failure)!
Continue anyway?
Aiming: Freezing Cloud (quite dangerous; 11% risk of failure)
Press: ? - help, Dir - move target, f - gnoll sergeant
Aim: a gnoll sergeant, wielding a +0 spear and wearing a +0 ring mail (wandering, hasn't noticed you) That beam is likely to hit you.
Continue anyway?
The gnoll sergeant shouts!
You are engulfed in freezing vapours.
You hear a shout!
The gnoll sergeant is engulfed in freezing vapours.
Unknown command.
You are engulfed in freezing vapours.
You are engulfed in freezing vapours.
* * * LOW HITPOINT WARNING * * *
Okay, then.
Okay, then.
Okay, then.
Okay, then.
Okay, then.
Okay, then.
Okay, then.
You are engulfed in freezing vapours.
You die...

### ###☼# #.☼§#
#.#○# .g.#§#
################@#
.................#
##################
#........ #.######
#.#....# ##.#.##.#
......#.#.#
#.....#.#.# .


There were no monsters in sight!

Vanquished Creatures
  Pikel (D:5)
  A steam dragon (D:6)
  Duvessa (D:5)
  A sky beast (D:7)
  2 black bears (D:6)
  4 ice beasts
  An ogre (D:5)
  A phantom (D:5)
  4 lemures
  3 necrophages (D:6)
  A bullfrog (D:7)
  A gnoll sergeant (D:6)
  A scorpion (D:6)
  4 water moccasin zombies (Ossuary)
  Dowan (D:5)
  A howler monkey (D:4)
  2 jellies
  4 hounds
  A gnoll bouda (D:5)
  4 iguanas
  An orc wizard (D:4)
  2 mummies (Ossuary)
  5 adders
  11 gnolls
  4 white imps
  2 ufetubi
  4 adder zombies (Ossuary)
  A worm (D:4)
  A dart slug (D:2)
  13 orcs
  10 endoplasms
  6 giant cockroaches
  2 gnoll zombies (Ossuary)
  7 goblins
  6 hobgoblins
  12 jackals
  7 kobolds
  2 quokkas
  9 ball pythons
  6 bats
  2 frilled lizards (D:1)
  A goblin zombie (D:6)
  5 hobgoblin zombies (Ossuary)
  6 kobold zombies (Ossuary)
  10 orc zombies (Ossuary)
  5 rats
  A rat zombie (D:6)
180 creatures vanquished.

Vanquished Creatures (others)
  52 fulminant prisms
52 creatures vanquished.

Grand Total: 232 creatures vanquished

Notes
Turn   | Place    | Note
-------+----------+-------------------------------------------
     0 | D:1      | Monkooky the Demonspawn Monk began the quest for the Orb.
     0 | D:1      | Reached XP level 1. HP: 18/18 MP: 1/1
   141 | D:1      | Found Sopt's Antique Armour Shoppe.
   292 | D:1      | Found a faded altar of an unknown god.
   301 | D:1      | Gained mutation: A meltable shield of frost defends you.
                  | (SH +4) [demonic ancestry]
   301 | D:1      | Reached XP level 2. HP: 13/24 MP: 2/2
   307 | D:1      | Prayed at the altar of an unknown god.
   307 | D:1      | Became a worshipper of Vehumet
   307 | D:1      | Reached * piety under Vehumet
   307 | D:1      | Offered knowledge of Freeze by Vehumet.
   307 | D:1      | Reached ** piety under Vehumet
   310 | D:1      | Learned a level 1 spell: Freeze
   362 | D:1      | Offered knowledge of Static Discharge by Vehumet.
   533 | D:1      | Offered knowledge of Hailstorm by Vehumet.
   585 | D:1      | Reached skill level 1 in Spellcasting
   734 | D:1      | Reached *** piety under Vehumet
   957 | D:1      | Gained mutation: A meltable icy envelope protects you from
                  | harm. (AC +4) [demonic ancestry]
   957 | D:1      | Reached XP level 3. HP: 29/29 MP: 3/5
   967 | D:1      | Learned a level 3 spell: Hailstorm
  1466 | D:2      | Offered knowledge of Fulminant Prism by Vehumet.
  1957 | D:3      | Reached skill level 1 in Conjurations
  1957 | D:3      | Reached skill level 1 in Ice Magic
  2168 | D:3      | Found Jounyem's Armour Emporium.
  2317 | D:3      | Found a shadowy altar of Dithmenos.
  2519 | D:3      | Reached XP level 4. HP: 35/35 MP: 4/6
  3031 | D:4      | Reached skill level 2 in Conjurations
  3031 | D:4      | Reached XP level 5. HP: 41/41 MP: 0/8
  3036 | D:4      | Learned a level 4 spell: Fulminant Prism
  3276 | D:4      | Identified the +1 robe "Yzotuf" {rN+}
  3488 | D:4      | Reached **** piety under Vehumet
  3649 | D:4      | Reached skill level 3 in Conjurations
  3834 | D:4      | Gained mutation: You have a small tail. [demonic ancestry]
  3834 | D:4      | Reached XP level 6. HP: 47/47 MP: 3/9
  3992 | D:4      | Offered knowledge of Frozen Ramparts by Vehumet.
  4036 | D:5      | Entered Level 5 of the Dungeon
  4246 | D:4      | Learned a level 3 spell: Frozen Ramparts
  4753 | D:5      | Reached skill level 1 in Hexes
  5092 | D:3      | Bought the +2 robe of a ziggurat {Will+ Int+3} for 296 gold
                  | pieces
  5136 | D:5      | Gained mutation: You are partially covered in large bone
                  | plates. (SH +4) [demonic ancestry]
  5136 | D:5      | Reached XP level 7. HP: 49/52 MP: 5/11
  5622 | D:5      | Noticed Pikel
  5819 | D:5      | Killed Pikel
  5820 | D:5      | Reached skill level 6 in Conjurations
  5820 | D:5      | Gained mutation: You regenerate magic rapidly. [demonic
                  | ancestry]
  5820 | D:5      | Reached XP level 8. HP: 26/58 MP: 6/12
  5940 | D:5      | Noticed Duvessa
  5941 | D:5      | Noticed Dowan
  5955 | D:5      | Killed Duvessa
  5956 | D:5      | Reached skill level 7 in Conjurations
  6000 | D:5      | Killed Dowan
  6100 | D:5      | Found Irur's Vocational Training.
  6437 | D:6      | Found a sand-covered staircase.
  6476 | Ossuary  | Entered an ossuary
  6492 | Ossuary  | Reached ***** piety under Vehumet
  6492 | Ossuary  | Offered knowledge of Freezing Cloud by Vehumet.
  6552 | Ossuary  | Reached skill level 5 in Hexes
  6956 | D:6      | Learned a level 5 spell: Freezing Cloud
  7039 | D:6      | Reached skill level 1 in Air Magic
  7148 | D:6      | Found Pefatett's Jewellery Emporium.
  7370 | D:6      | Found an ancient bone altar of Kikubaaqudgha.
  7453 | D:6      | Reached XP level 9. HP: 63/63 MP: 15/15
  8067 | D:7      | Found a staircase to the Ecumenical Temple.
  8183 | D:7      | Engulfed by a cloud of freezing vapour

Illustrated notes

Levels and vault maps discovered:
D:1:      psy_arrival_heroes, layout_basic, serial_shops, shop,
          chequers_ecumenical_altar_simple_redux, minmay_unequal
D:2:      layout_loops_ring, minmay_splitting_lines, grunt_decor_cap
D:3:      layout_basic, nicolae_dithmenos_shadow_blocks, serial_shops, shop,
          grunt_ministairs_4
D:4:      layout_loops_cross
D:5:      layout_cave_pods, dk_noncrumbling_2, corner_web_ring,
          nicolae_shop_vocational, uniq_duvessa, uniq_pikel
D:6:      layout_loops_corners, mainiacjoe_overflow_big_doors, serial_shops,
          nicolae_square_shop, enter_ossuary_4, minmay_joined_circles
D:7:      layout_basic, minmay_temple_entry_slanted

Skill      XL: |  1  2  3  4  5  6  7  8  9 |
---------------+----------------------------+-----
Unarmed Combat | 3 |  3.3
Spellcasting   | 1 2 3 4 |  4.6
Conjurations   | 1 2 3 6 7 |  7.3
Ice Magic      | 1 2 3 4 |  4.5
Hexes          | 2 3 5 |  5.1
Air Magic      | 2 4 |  4.6
Fighting       | |  3.0
Dodging        | |  2.6
Stealth        | |  1.7

Action                   |  1- 3 |  4- 6 |  7- 9 || total
-------------------------+-------+-------+-------++-------
Melee: Unarmed           |    59 |    93 |   154 ||   306
       Punch             |     1 |       |     4 ||     5
       Staff             |     2 |       |       ||     2
       Tailslap          |       |     4 |    23 ||    27
 Cast: Freeze            |    71 |    63 |     6 ||   140
       Hailstorm         |     6 |    18 |       ||    24
       Frozen Ramparts   |       |     9 |     8 ||    17
       Fulminant Prism   |       |     3 |    49 ||    52
       Freezing Cloud    |       |       |     6 ||     6
Evoke: Wand              |       |       |     3 ||     3
  Use: Scroll            |     1 |       |     5 ||     6
 Stab: Paralysed         |       |       |     7 ||     7
Armor: Robe              |    24 |    53 |    45 ||   122
Dodge: Dodged            |    79 |   118 |    66 ||   263
Block: Other             |    25 |    33 |    51 ||   109

Table legend: (Time is in decaauts)
 A = Elapsed time spent in this place.
 B = Non-inter-level travel time spent in this place.
 C = Inter-level travel time spent in this place.
 D = Time resting spent in this place.
 E = Time spent auto-exploring this place.
 F = Levels seen in this place.
 G = Mean time per level.
                   A        B        C        D        E       F      G
               +--------+--------+--------+--------+--------+-----+--------+
         Total |   8170 |   7762 |    408 |    858 |   5406 |   8 | 1021.2 |
       Dungeon |   7894 |   7486 |    408 |    811 |   5293 |   7 | 1127.7 |
       Ossuary |    275 |    275 |      0 |     47 |    113 |   1 |  275.0 |
               +--------+--------+--------+--------+--------+-----+--------+

Top non-repeatable levels by time:
     D:4: 1687 daAuts
     D:5: 1657 daAuts
     D:6: 1205 daAuts
     D:3: 1083 daAuts
     D:1: 1080 daAuts
     D:2: 791 daAuts
     D:7: 388 daAuts
 Ossuary: 275 daAuts
